 Dungeon Crawl Stone Soup version 0.23.1 (webtiles) character file.

Game seed: 0

17832 Fang the Fighter (level 12, -1/80 HPs)
             Began as a Gargoyle Berserker on Mar 19, 2019.
             Was a High Priest of Trog.
             Slain by a ten-headed hydra (7 damage)
             ... on level 2 of the Lair of Beasts.
             The game lasted 00:18:47 (14752 turns).

Fang the Fighter (Gargoyle Berserker)              Turns: 14752, Time: 00:18:48

Health: -1/80      AC: 16    Str: 27    XL:     12   Next: 52%
Magic:  0/12       EV: 17    Int:  7    God:    Trog [*****.]
Gold:   749        SH:  0    Dex:  9    Spells: 11/11 levels left

rFire    + + +     SeeInvis +   z - +5 battleaxe
rCold    . . .     Gourm    .   (shield currently unavailable)
rNeg     + . .     Faith    .   p - +2 leather armour "Vaur" {-Tele rElec rF+++ SInv}
rPois    ∞         Spirit   +   (no helmet)
rElec    +         Reflect  .   (no cloak)
rCorr    .         Harm     .   (no gloves)
MR       .....     NoTele   +   (no boots)
Stlth    +.........             b - amulet of guardian spirit
HPRegen  0.23/turn              l - +1 ring of protection
MPRegen  0.13/turn              D - +2 ring of evasion

@: no status effects
A: negative energy resistance 1, electricity resistance, unbreathing,
petrification resistance, rot immunity, AC +8
a: Berserk, Trog's Hand, Brothers in Arms, Renounce Religion


You were on level 2 of the Lair of Beasts.
You worshipped Trog.
Trog was extremely pleased with you.
You were very hungry.

You visited 3 branches of the dungeon, and saw 14 of its levels.
You also visited: Sewer.

You collected 779 gold pieces.
You spent 30 gold pieces at shops.

Inventory:

Hand Weapons
 z - a +5 battleaxe (weapon)
Armour
 p - the +2 leather armour "Vaur" (worn) {-Tele rElec rF+++ SInv}
   (You found it on level 8 of the Dungeon)

   It renders you almost immune to fire.
   It insulates you from electricity.
   It lets you see invisible.
   It prevents most forms of teleportation.
 w - a +2 plate armour
Jewellery
 b - an amulet of guardian spirit (around neck)
 l - a +1 ring of protection (left hand)
 n - an uncursed amulet of regeneration
 D - a +2 ring of evasion (right hand)
 F - an uncursed ring of positive energy {unknown}
Wands
 a - a wand of random effects (13)
 g - a wand of disintegration (7)
 h - a wand of flame (12)
 A - a wand of enslavement (8)
 B - a wand of iceblast (7)
 C - a wand of paralysis (22)
Scrolls
 i - 2 scrolls of remove curse
 k - 6 scrolls of identify
 m - 2 scrolls of teleportation
 q - 2 scrolls of fear
 t - a scroll of fog
 y - 5 scrolls of blinking
Potions
 d - 5 potions of curing
 e - 4 potions of magic
 f - 3 potions of cancellation
 j - 3 potions of resistance
 o - 3 potions of flight
 r - 5 potions of heal wounds
 s - 3 potions of agility
 u - 2 potions of brilliance
 v - 6 potions of might
 x - a potion of ambrosia
Comestibles
 c - 8 rations
 E - 2 chunks of flesh


   Skills:
 + Level 11.4 Fighting
 + Level 9.8 Axes
 + Level 11.2 Armour
 + Level 8.8 Dodging


You had 11 spell levels left.
You didn't know any spells.
Your spell library was empty.

Dungeon Overview and Level Annotations

Branches:
Dungeon (11/15)            Temple (1/1) D:7            Lair (2/6) D:9
    Orc (0/2) D:11
  Swamp: Lair:2-4    Shoals: Lair:2-4     Snake: Lair:2-4    Spider: Lair:2-4

Altars:
Gozag
Qazlal
Uskayaw
Vehumet
Yredelemnul
Zin

Shops:
D:5 (   D:7 !   D:8 *


Innate Abilities, Weirdness & Mutations

You are resistant to torment.
Your stone body is resilient. (AC +8)
You are immune to poison.
You resist negative energy. (rN+)
You are resistant to electric shocks. (rElec)
You can survive without breathing.
You are immune to petrification.
You are immune to rotting.


Message History

The ten-headed hydra bites you but does no damage.
The ten-headed hydra bites you.
* * * LOW HITPOINT WARNING * * *
The ten-headed hydra closely misses you.
The ten-headed hydra misses you. The ten-headed hydra bites you.
* * * LOW HITPOINT WARNING * * *
The ten-headed hydra completely misses you.
The ten-headed hydra closely misses you.
The ten-headed hydra bites you.
* * * LOW HITPOINT WARNING * * *
The ten-headed hydra bites you but does no damage. x2
Your two-headed ogre goes berserk!
You are feeling very hungry.
The catoblepas breathes a plume of calcifying dust at you.
The blast of calcifying dust hits you.
* * * LOW HITPOINT WARNING * * *
The ten-headed hydra barely misses you. The ten-headed hydra bites you.
* * * LOW HITPOINT WARNING * * *
The ten-headed hydra bites you!
You die...

#.#....#.####..........
#.....#### #.#....###
##...## #....r## #...#
##......### #..##
###...l...$.# ##...#
#.....Y.#..## #....#
#....§##l...... #P...#
#...D§# #......
##...#####..@## .#....
#..P#.##P..§# .l...
####....####O§.# .. ..
.##PP#.<.## #.§.P .. .
.........## #.... ...
.......>..# #...##
..###....## #.... .
##.#.# #.... #####


You could see a catoblepas, a ten-headed hydra, a komodo dragon (petrifying), a
porcupine (petrified) and a friendly two-headed ogre (berserk).

Vanquished Creatures
  Harold (D:9)
  A two-headed ogre (D:11)
  Sonja (Lair:1)
  2 ugly things (D:11)
  A cyclops (D:11)
  Maurice (D:10)
  A rime drake (Lair:1)
  4 komodo dragons (Lair:1)
  4 trolls
  Grinder (D:6)
  3 hippogriffs
  3 blink frogs (Lair:1)
  Sigmund (D:6)
  9 yaks
  A wraith (D:11)
  Grum (D:8)
  A steam dragon (D:9)
  A hungry ghost (D:8)
  4 vampire mosquitoes (D:11)
  A warg (D:10)
  An acid dragon (D:11)
  Duvessa (D:5)
  5 water moccasins
  5 porcupines
  5 orc warriors
  4 ice beasts
  A phantom (D:5)
  A sky beast (D:10)
  2 wolves (D:8)
  2 ogres
  10 centaurs
  5 crocodiles
  3 big kobolds
  A gnoll sergeant (D:7)
  14 bullfrogs
  Dowan (D:5)
  6 scorpions
  3 wyvern skeletons
  4 killer bees (D:7)
  8 wights
  2 electric eels (Lair:1)
  4 crimson imps
  A howler monkey (D:10)
  2 hounds
  3 centaur zombies
  A jelly (D:11)
  2 bullfrog skeletons
  3 orc wizards
  3 orc priests
  5 iguanas
  7 worker ants
  2 hound skeletons
  A worker ant zombie (D:10)
  3 gnolls (D:7)
  16 adders
  A shadow imp (D:10)
  7 oozes
  2 worms
  3 dart slugs
  A leopard gecko (D:1)
  35 orcs
  2 ball pythons (Sewer)
  5 bats
  7 giant cockroaches
  11 goblins
  9 hobgoblins
  4 jackals (D:1)
  3 quokkas
  9 frilled lizards
  21 kobolds
  13 rats
  3 fungi
  2 plants
317 creatures vanquished.

Vanquished Creatures (collateral kills)
  A hydra (Lair:1)
  A two-headed ogre (D:9)
  A crocodile (D:9)
3 creatures vanquished.

Vanquished Creatures (others)
  An orc wizard (D:9)
  A kobold (Sewer)
  4 fungi (D:9)
  3 plants (D:9)
9 creatures vanquished.

Grand Total: 329 creatures vanquished

Notes
Turn   | Place    | Note
-------+----------+-------------------------------------------
     0 | D:1      | Fang the Gargoyle Berserker began the quest for the Orb.
     0 | D:1      | Reached XP level 1. HP: 14/14 MP: 1/1
   117 | D:1      | Reached XP level 2. HP: 15/19 MP: 2/2
   625 | D:1      | Reached XP level 3. HP: 20/23 MP: 3/3
   697 | D:1      | Reached ** piety under Trog
  1384 | D:2      | Reached XP level 4. HP: 9/29 MP: 4/4
  1969 | D:2      | Found a stormy altar of Qazlal.
  2016 | D:2      | Found a basalt altar of Yredelemnul.
  2433 | D:3      | Reached XP level 5. HP: 25/33 MP: 5/5
  2637 | D:3      | Reached *** piety under Trog
  3117 | D:4      | Reached XP level 6. HP: 29/39 MP: 6/6
  3172 | D:4      | Noticed an ice beast
  3186 | D:4      | Killed an ice beast
  3296 | D:4      | Found a glowing drain.
  3321 | Sewer    | Entered a sewer
  3474 | Sewer    | Reached skill level 5 in Fighting
  3474 | Sewer    | Reached XP level 7. HP: 44/44 MP: 7/7
  3613 | Sewer    | Reached **** piety under Trog
  4133 | D:5      | Entered Level 5 of the Dungeon
  4167 | D:5      | Noticed a +0 dagger
  4432 | D:5      | Reached skill level 5 in Armour
  4441 | D:5      | Found a hide-covered altar of Uskayaw.
  4461 | D:5      | Found Eleruc's Weapon Emporium.
  4624 | D:5      | Noticed Dowan
  4624 | D:5      | Noticed Duvessa
  4637 | D:5      | Killed Duvessa
  4637 | D:5      | Reached XP level 8. HP: 51/51 MP: 8/8
  4646 | D:5      | Killed Dowan
  4646 | D:5      | Reached skill level 5 in Axes
  4740 | D:5      | Noticed a +0 dagger
  5015 | D:6      | Noticed Sigmund
  5029 | D:6      | Killed Sigmund
  5148 | D:6      | Noticed Grinder
  5186 | D:6      | Killed Grinder
  5441 | D:6      | Reached XP level 9. HP: 49/56 MP: 9/9
  5650 | D:7      | Found a glowing silver altar of Zin.
  5669 | D:7      | Reached skill level 5 in Dodging
  5670 | D:7      | Found Boidafoy's Distillery.
  5741 | D:7      | Found a radiant altar of Vehumet.
  6067 | D:7      | Found a staircase to the Ecumenical Temple.
  6156 | D:7      | Noticed a troll
  6166 | D:7      | Killed a troll
  6322 | Temple   | Entered the Ecumenical Temple
  6694 | D:8      | Noticed Grum
  6703 | D:8      | Reached XP level 10. HP: 47/64 MP: 7/10
  6711 | D:8      | Killed Grum
  6935 | D:8      | Got a shimmering leather armour
  6946 | D:8      | Identified the +2 leather armour "Vaur" {-Tele rElec rF+++
                  | SInv} (You found it on level 8 of the Dungeon)
  7372 | D:8      | Found Doeviu's General Store.
  7376 | D:8      | Bought a scroll of identify for 30 gold pieces
  7627 | D:8      | Found an opulent altar of Gozag.
  7693 | D:9      | Received a gift from Trog
  7708 | D:9      | Noticed a two-headed ogre
  7715 | D:9      | Killed a two-headed ogre
  7742 | D:9      | Found a staircase to the Lair.
  8049 | D:9      | Identified a scroll of acquirement
  8107 | D:9      | Noticed Harold
  8121 | D:9      | Killed Harold
  8797 | D:9      | Reached XP level 11. HP: 17/71 MP: 3/11
  9112 | D:10     | Entered Level 10 of the Dungeon
  9364 | D:10     | Noticed Maurice
  9375 | D:10     | Killed Maurice
  9425 | D:10     | Reached ***** piety under Trog
 10288 | D:10     | HP: 4/108 [orc warrior/+0 short sword (2)]
 10291 | D:10     | Reached skill level 10 in Fighting
 11153 | D:11     | Reached skill level 10 in Armour
 11594 | D:11     | Found a staircase to the Orcish Mines.
 11682 | D:11     | Noticed a two-headed ogre
 11696 | D:11     | Killed a two-headed ogre
 11971 | D:11     | Noticed a brown ugly thing
 11990 | D:11     | Killed a brown ugly thing
 12149 | D:11     | Identified the cursed +1 halberd of Psychosis {chop, rElec
                  | rN+ Str-4}
 12381 | D:11     | Noticed a brown ugly thing
 12392 | D:11     | Killed a brown ugly thing
 12464 | D:11     | Noticed a cyclops
 12480 | D:11     | Killed a cyclops
 12480 | D:11     | Reached XP level 12. HP: 27/79 MP: 3/12
 13319 | Lair:1   | Entered Level 1 of the Lair of Beasts
 13705 | Lair:1   | Noticed a four-headed hydra
 13712 | Lair:1   | Killed a four-headed hydra
 13998 | Lair:1   | Noticed Sonja
 14014 | Lair:1   | Killed Sonja
 14733 | Lair:2   | Noticed an eight-headed hydra
 14739 | Lair:2   | Noticed a catoblepas
 14752 | Lair:2   | Slain by a ten-headed hydra

Skill      XL: |  1  2  3  4  5  6  7  8  9 10 11 12 |
---------------+-------------------------------------+-----
Axes           | 3 4 5 6 8 9 |  9.8
Dodging        | 2 3 4 5 7 8 |  8.8
Armour         | 3 4 5 6 7 9 10 11 | 11.2
Fighting       | 4 5 6 8 9 10 11 | 11.4

Action                   |  1- 3 |  4- 6 |  7- 9 | 10-12 || total
-------------------------+-------+-------+-------+-------++-------
Melee: Hand axe          |   126 |   270 |   143 |       ||   539
       Battleaxe         |       |       |   263 |   514 ||   777
Invok: Berserk           |     1 |     2 |     5 |    11 ||    19
       Brothers in Arms  |       |       |       |     5 ||     5
  Use: Scroll            |       |       |    18 |    13 ||    31
       Potion            |       |       |       |     2 ||     2
 Stab: Sleeping          |     1 |       |       |       ||     1
  Eat: Chunk             |     2 |    10 |    11 |    27 ||    50
       Ration            |       |       |     4 |     3 ||     7
Armor: Animal skin       |    63 |    15 |       |       ||    78
       Chain mail        |       |   170 |    24 |       ||   194
       Plate armour      |       |       |   375 |     1 ||   376
       Leather armour    |       |       |       |   314 ||   314
Dodge: Dodged            |   104 |   158 |   241 |   651 ||  1154
